 Dungeon Crawl Stone Soup version 0.31-a0-1074-g0b22e4e0f1 (webtiles) character file.

Game seed: 9422038142580805781

497 domi the Jinx (level 6, -3/41 HPs)
             Began as a Vampire Enchanter on Nov 26, 2023.
             Slain by a vampire mosquito (5 damage)
             ... on level 7 of the Dungeon.
             The game lasted 00:10:57 (3219 turns).

domi the Jinx (Vampire Enchanter)                   Turns: 3219, Time: 00:10:58

Health: -3/41      AC:  2    Str: 13    XL:     6   Next: 93%
Magic:  0/9        EV: 12    Int: 19    God:
Gold:   280        SH:  0    Dex: 15    Spells: 1/9 levels left

rFire   . . .        n - +1 dagger (venom)
rCold   . . .        (no shield)
rNeg    . . .        b - +0 robe
rPois   .            (no helmet)
rElec   .            q - scarf {+Inv}
rCorr   .            (no gloves)
SInv    +            (no boots)
Will    +....        s - amulet of regeneration {+regen, !d}
Stlth   ++++         d - +6 ring of strength
HPRegen 1.26/turn    (no ring)
MPRegen 0.11/turn

%: no passive effects
@: enlightened, flying, healing quickly
A: alive, fangs 3, see invisible, vampiric 2, camouflage 1, mutation resistance
1
a: Exsanguinate, Evoke Invisibility


You were on level 7 of the Dungeon.
You visited 1 branch of the dungeon, and saw 5 of its levels.
You also visited: Sewer.

You collected 280 gold pieces.

Inventory:

Hand Weapons
 a - a +1 dagger
 l - the +0 sling "Grim" {speed, Str+4 Int-2}
   (You found it on level 2 of the Dungeon)

   Str+4:     It affects your strength (+4).
   Int-2:     It affects your intelligence (-2).
 n - a +1 dagger of venom (weapon)
   (You found it on level 3 of the Dungeon)
 t - the +2 orcbow of Houtozu {drain, rPois Int+4 Dex-5}
   (You found it on level 3 of the Dungeon)

   Int+4:     It affects your intelligence (+4).
   Dex-5:     It affects your dexterity (-5).
   rPois:     It protects you from poison
Missiles
 i - a throwing net {=f, !d=f}
 j - a curare-tipped dart {=f}
Armour
 b - a +0 robe (worn)
 q - a scarf of invisibility (worn)
   (You found it on level 3 of the Dungeon)
 u - the +1 ring mail of Supple Strength {rElec rN++ Str+2 Int-3}
   (You found it on level 3 of the Dungeon)

   Str+2:     It affects your strength (+2).
   Int-3:     It affects your intelligence (-3).
   rElec:     It insulates you from electricity.
   rN++:      It greatly protects you from negative energy.
 z - a scarf of resistance
   (You found it on level 3 of the Dungeon)
Magical Staves
 f - a staff of conjuration {!a}
   (You found it on level 1 of the Dungeon)
Jewellery
 d - a +6 ring of strength (left hand)
   (You found it on level 1 of the Dungeon)
 s - an amulet of regeneration (around neck) {+regen, !d}
   (You found it on level 3 of the Dungeon)
 y - a ring of poison resistance {rPois}
   (You found it on level 3 of the Dungeon)
Talismans
 c - a storm talisman
   (You found it on level 2 of the Dungeon)
Wands
 r - a wand of flame (15)
   (You took it off Ijyb on level 3 of the Dungeon)
Scrolls
 h - a scroll of revelation
 v - a scroll of immolation {unknown}
 w - a scroll of brand weapon {unknown}
 x - a scroll of teleportation {unknown}
 A - a scroll of vulnerability {!r!r}
Potions
 k - a potion of enlightenment
 m - a potion of mutation {!q!q}
 o - a potion of attraction {!q}


   Skills:
 - Level 1.1 Short Blades
 - Level 2.1 Dodging
 - Level 4.4 Stealth
 - Level 2.0 Spellcasting
 * Level 8.8 Hexes
 + Level 2.0 Summonings
 + Level 2.7 Ice Magic
 + Level 2.8 Air Magic


You had one spell level left.
You knew the following spells:

 Your Spells              Type           Power      Damage    Failure   Level
z - Ensorcelled Hibernat  Hex/Ice        48%        N/A       2%          2
X - Summon Lightning Spi  Summ/Air       11%        N/A       52%         4
Z - Static Discharge      Conj/Air       14%        3-4/arc   14%         2

Your spell library contained the following spells:

 Spells                   Type           Power      Damage    Failure   Level
 Kiss of Death            Conj/Necr      4%         2d5       17%         1
 Confusing Touch          Hex            35%        N/A       1%          3
 Tukima's Dance           Hex            35%        N/A       1%          3
 Dazzling Flash           Conj/Hex       36%        N/A       9%          3
 Cigotuvi's Dreadful Rot  Necr/Pois/Air  10%        N/A       17%         2
 Ignite Poison            Fire/Tmut/Pois 1%         N/A       45%         3
 Airstrike                Air            6%         2d(1-17)  45%         4
 Dispel Undead            Necr           1%         3d6       86%         4
 Freezing Cloud           Conj/Ice/Air   4%         6-21      91%         5


Dungeon Overview and Level Annotations

Branches:
Dungeon (4/15)             Temple (0/1) D:7           Sewer (visited)

Altars:
Gozag
Hepliaklqana
Sif Muna
Trog

Shops:
D:3 (


Innate Abilities, Weirdness & Mutations

Your natural rate of healing is accelerated.
You have razor-sharp teeth.
You have supernaturally acute eyesight. (SInv)
You are afflicted with vampirism and can become a bat while bloodless.
Your skin changes colour to match your surroundings (Stealth+).
You are somewhat resistant to further mutation.


Message History

The black bear claws you but does no damage.
Press: ? - help, Shift-Dir - straight line, f - black bear
Aim: a black bear (moderately wounded, poisoned, chance to affect: 54%)
The black bear looks drowsy...
The helpless black bear fails to defend itself.
You impale the black bear!!
You kill the black bear!
You hit the hobgoblin.
The hobgoblin is poisoned.
The hobgoblin closely misses you.
You hit the hobgoblin.
The hobgoblin looks as sick as possible!
You kill the hobgoblin!
You now have 280 gold pieces (gained 9).
A ball python comes into view.
The ball python hisses angrily.
The ball python moves out of view.
A ball python is nearby!
A ball python is nearby!
A ball python is nearby!
You hit the ball python.
You kill the ball python!
Okay, then.
Unknown command.
You see here a ball python corpse.
g - 3 potions of curing {@q1} (gained 1)
Found a stone staircase leading up.
A malevolent force fills the Dungeon...
You fall into a shaft and drop 3 floors!
The shaft crumbles and collapses.
You hear the roar of battle.
There is an entrance to a bailey on this level.
Hurry and find it before the portal closes forever!
As you read the scroll labelled NALAEHUOS, it crumbles to dust.
You feel aware of your surroundings.
You sensed 1 shop/portal.
It was a scroll of revelation.
A white imp comes into view.
The white imp shouts, "Accept thy doom, thou baffled rude-growing tiddler!"
A vampire mosquito comes into view.
You see here a +0 short sword.
The white imp is struck by an arc of lightning.
You are struck by an arc of lightning.
The white imp is struck by an arc of lightning.
You are struck by an arc of lightning.
The lightning grounds out.
The vampire mosquito buzzes angrily.
The white imp hits you. The white imp freezes you.
The white imp is struck by an arc of lightning.
You are struck by an arc of lightning.
The white imp is struck by an arc of lightning.
You kill the white imp!
The lightning grounds out.
Your Summonings skill increases to level 2!
Okay, then.
You feel very buoyant.
You fly up into the air.
The vampire mosquito closely misses you.
The vampire mosquito is struck by an arc of lightning.
You are struck by an arc of lightning.
The vampire mosquito is struck by an arc of lightning.
The lightning grounds out.
The vampire mosquito completely misses you.
The vampire mosquito closely misses you.
A vampire mosquito comes into view.
The vampire mosquito is struck by an arc of lightning.
You are struck by an arc of lightning.
The lightning grounds out.
The vampire mosquito buzzes angrily.
The vampire mosquito bites you!
The vampire mosquito draws strength from your injuries!
The vampire mosquito bites you!
The vampire mosquito draws strength from your injuries!
Unknown command.
You feel better. The vampire mosquito bites you.
The vampire mosquito draws strength from your injuries!
The vampire mosquito bites you!
The vampire mosquito draws strength from your injuries!
You don't have enough magic to cast this spell.
Unknown command.
You feel better.
Blink to where?
Press: ? - help, Dir - move target
As you read the scroll of blinking, it crumbles to dust.
The vampire mosquito attacks as it pursues you!
The vampire mosquito bites you!
The vampire mosquito draws strength from your injuries!
The vampire mosquito barely misses you.
The vampire mosquito is struck by an arc of lightning.
You are struck by an arc of lightning.
The vampire mosquito is struck by an arc of lightning.
The lightning grounds out.
The vampire mosquito bites you!
* * * LOW HITPOINT WARNING * * *
The vampire mosquito draws strength from your injuries!
You feel better. The vampire mosquito bites you.
* * * LOW HITPOINT WARNING * * *
The vampire mosquito draws strength from your injuries!
The vampire mosquito bites you!
* * * LOW HITPOINT WARNING * * *
The vampire mosquito draws strength from your injuries!
As you read the scroll labelled ZORURR XOLESS, it crumbles to dust.
It is a scroll of identify.
A - a scroll of vulnerability The vampire mosquito bites you.
You die...

,,,,,................,,*,,,,,,,,,
*****#....####.####.#*,,,,,,,,,,,
,,,,,..##.####.####.#****,****,**
*****#.##.####.####.# *,,,,,,,,
****#.##.####.####.# ******,**
*,,,.........y####.# *,,,,,,,
******##.####.# *,* *****,**
#.####.####.# *,** #.....yy@...#
*,** #.####.###### *,** *,* ###
*,** *** **** * *


You could see 2 vampire mosquitoes.

Vanquished Creatures
  A black bear (D:4)
  2 kobold brigands (Sewer)
  An orc priest (D:3)
  Ijyb (D:3)
  Jessica (D:2)
  6 adders
  A white imp (D:7)
  3 worms
  4 dart slugs
  An orc (D:3)
  11 ball pythons
  5 bats
  9 endoplasms
  8 giant cockroaches
  11 goblins
  2 hobgoblins
  3 jackals
  4 quokkas
  9 frilled lizards
  13 kobolds
  13 rats
109 creatures vanquished.

Notes
Turn   | Place    | Note
-------+----------+-------------------------------------------
     0 | D:1      | domi the Vampire Enchanter began the quest for the Orb.
     0 | D:1      | Reached XP level 1. HP: 13/13 MP: 3/3
   140 | D:1      | Reached skill level 5 in Hexes
   355 | D:1      | Reached XP level 2. HP: 14/19 MP: 5/5
   656 | D:1      | Reached skill level 6 in Hexes
   678 | D:1      | Learned a level 2 spell: Ensorcelled Hibernation
   681 | D:1      | Learned a level 2 spell: Static Discharge
   903 | D:2      | Gained mutation: You are afflicted with vampirism and can
                  | become a bat while bloodless. [Vampire growth]
   903 | D:2      | Reached XP level 3. HP: 17/24 MP: 6/6
  1256 | D:2      | Noticed Jessica
  1274 | D:2      | Reached skill level 1 in Air Magic
  1277 | D:2      | Reached XP level 4. HP: 25/30 MP: 4/7
  1284 | D:2      | Killed Jessica
  1285 | D:2      | Reached skill level 1 in Ice Magic
  1325 | D:2      | Identified the +0 sling "Grim" {speed, Str+4 Int-2}
  1364 | D:2      | Reached skill level 7 in Hexes
  1700 | D:2      | Reached XP level 5. HP: 34/35 MP: 5/8
  1839 | D:3      | Found Tioddewud's Weapon Emporium.
  1857 | D:3      | Learned a level 4 spell: Summon Lightning Spire
  2083 | D:3      | Found a glowing drain.
  2088 | Sewer    | Entered a sewer
  2212 | Sewer    | Reached skill level 2 in Ice Magic
  2212 | Sewer    | Reached skill level 2 in Air Magic
  2218 | Sewer    | Gained mutation: Your skin changes colour to match your
                  | surroundings (Stealth+). [potion of mutation]
  2218 | Sewer    | Gained mutation: You are somewhat resistant to further
                  | mutation. [potion of mutation]
  2249 | Sewer    | Reached skill level 8 in Hexes
  2249 | Sewer    | Reached skill level 1 in Summonings
  2249 | Sewer    | Reached XP level 6. HP: 29/41 MP: 0/9
  2437 | D:3      | Found a faded altar of an unknown god.
  2674 | D:3      | Identified the +2 orcbow of Houtozu {drain, rPois Int+4
                  | Dex-5}
  2744 | D:3      | Identified the +1 ring mail of Supple Strength {rElec rN++
                  | Str+2 Int-3}
  2950 | D:3      | Noticed Ijyb
  2963 | D:3      | HP: 10/41 [Ijyb/puff of flame (6)]
  2967 | D:3      | Killed Ijyb
  3059 | D:4      | Found a bloodstained altar of Trog.
  3060 | D:4      | Found an opulent altar of Gozag.
  3074 | D:4      | Found a hazy altar of Hepliaklqana.
  3076 | D:4      | Found a shimmering blue altar of Sif Muna.
  3196 | D:4      | Noticed an ice beast
  3198 | D:4      | You fall into a shaft and drop 3 floors!
  3202 | D:7      | Noticed a vampire mosquito
  3205 | D:7      | Reached skill level 2 in Summonings
  3206 | D:7      | Noticed a vampire mosquito
  3217 | D:7      | HP: 5/41 [vampire mosquito (12)]
  3218 | D:7      | HP: 1/41 [vampire mosquito (10)]
  3219 | D:7      | Slain by a vampire mosquito

Illustrated notes

Levels and vault maps discovered:
D:1:      roadster_arrival_rocket_large, layout_loops_corners
D:2:      wad_river_or_something, layout_rooms,
          minmay_fractal_squares_gapless_5, uniq_jessica
D:3:      minmay_razor_zed, layout_rooms,
          shapermc_ecumenical_altar_mp_highgroup, serial_shops, shop,
          mainiacjoe_sewer_entry_somewhere_in_here_2, uniq_ijyb
D:4:      layout_rooms, grunt_temple_overflow_open, gammafunk_ghost_icy,
          dk_rats_in_the_wall, uniq_duvessa
D:7:      layout_basic, minmay_temple_entry_tees, enter_bailey_6

Skill      XL: |  1  2  3  4  5  6 |
---------------+-------------------+-----
Hexes          | 5 6 7 8 |  8.8
Air Magic      | 1 2 |  2.8
Ice Magic      | 1 2 |  2.7
Summonings     | 1 2 |  2.0
Short Blades   | |  1.1
Dodging        | |  2.1
Stealth        | |  4.4
Spellcasting   | |  2.0

Action                     |  1- 3 |  4- 6 || total
---------------------------+-------+-------++-------
  Melee: Dagger            |   114 |   174 ||   288
         Bite              |     8 |    11 ||    19
         Punch             |     2 |     1 ||     3
   Cast: Ensorcelled Hiber |     1 |    31 ||    32
         Static Discharge  |       |     9 ||     9
    Use: Potion            |     1 |    12 ||    13
         Scroll            |       |     5 ||     5
   Stab: Sleeping          |    18 |    29 ||    47
         Invisible         |     2 |       ||     2
 Armour: Robe              |    57 |   111 ||   168
  Dodge: Dodged            |    68 |   102 ||   170

Table legend: (Time is in decaauts)
 A = Elapsed time spent in this place.
 B = Non-inter-level travel time spent in this place.
 C = Inter-level travel time spent in this place.
 D = Time resting spent in this place.
 E = Time spent auto-exploring this place.
 F = Levels seen in this place.
 G = Mean time per level.
                   A        B        C        D        E       F      G
               +--------+--------+--------+--------+--------+-----+--------+
         Total |   3259 |   3212 |     47 |    253 |   2139 |   6 |  543.2 |
       Dungeon |   2900 |   2853 |     47 |    195 |   1977 |   5 |  580.0 |
         Sewer |    359 |    359 |      0 |     58 |    162 |   1 |  359.0 |
               +--------+--------+--------+--------+--------+-----+--------+

Top non-repeatable levels by time:
     D:3: 1017 daAuts
     D:1: 876 daAuts
     D:2: 847 daAuts
   Sewer: 359 daAuts
     D:4: 138 daAuts
     D:7: 20 daAuts

Levels and vault maps discovered:
D:1:      roadster_arrival_rocket_large, layout_loops_corners
D:2:      wad_river_or_something, layout_rooms,
          minmay_fractal_squares_gapless_5, uniq_jessica
D:3:      minmay_razor_zed, layout_rooms,
          shapermc_ecumenical_altar_mp_highgroup, serial_shops, shop,
          mainiacjoe_sewer_entry_somewhere_in_here_2, uniq_ijyb
D:4:      layout_rooms, grunt_temple_overflow_open, gammafunk_ghost_icy,
          dk_rats_in_the_wall, uniq_duvessa
D:7:      layout_basic, minmay_temple_entry_tees, enter_bailey_6

Table legend: (Time is in decaauts)
 A = Elapsed time spent in this place.
 B = Non-inter-level travel time spent in this place.
 C = Inter-level travel time spent in this place.
 D = Time resting spent in this place.
 E = Time spent auto-exploring this place.
 F = Levels seen in this place.
 G = Mean time per level.
                   A        B        C        D        E       F      G
               +--------+--------+--------+--------+--------+-----+--------+
         Total |   3259 |   3212 |     47 |    253 |   2139 |   6 |  543.2 |
       Dungeon |   2900 |   2853 |     47 |    195 |   1977 |   5 |  580.0 |
         Sewer |    359 |    359 |      0 |     58 |    162 |   1 |  359.0 |
               +--------+--------+--------+--------+--------+-----+--------+

Top non-repeatable levels by time:
     D:3: 1017 daAuts
     D:1: 876 daAuts
     D:2: 847 daAuts
   Sewer: 359 daAuts
     D:4: 138 daAuts
     D:7: 20 daAuts

Table legend:
 A = Kills in this place as a percentage of kills in the entire game.
 B = Kills by you in this place as a percentage of kills by you in the entire game.
 C = Kills by friends in this place as a percentage of kills by friends in the entire game.
 D = Other kills in this place as a percentage of other kills in the entire game.
 E = Experience gained in this place as a percentage of experience gained in the entire game.
 F = Experience gained in this place divided by the number of levels of this place that you have seen.
                   A       B       C       D       E      F
               +-------+-------+-------+-------+-------+----------------------
         Total | 100.0 | 100.0 |   N/A |   N/A | 100.0 | 118.3
       Dungeon |  86.2 |  86.2 |   N/A |   N/A |  69.7 |  99.0
         Sewer |  13.8 |  13.8 |   N/A |   N/A |  30.3 | 215.0
               +-------+-------+-------+-------+-------+----------------------
